PBL
TEXAS RANGERS @ BOSTON RED SOX
08/15/2070
 
TOP OF THE 1ST
Texas Rangers batting - Pitching for Boston Red Sox : RHP Kelvin Doyle
Pitching: RHP Kelvin Doyle
Batting: LHB Ken'ichi Matsuura 0-0: Foul Ball, location: 2RF
0-1: Ground out 1-3 (Groundball, 13S, EV 71.9 MPH)
Batting: SHB Cary Mench 0-0: SINGLE (Line Drive, 56D, EV 104.4 MPH)
Batting: LHB Noburo Oike 0-0: Called Strike
0-1: Ball
1-1: SINGLE (Line Drive, 34D, EV 96.9 MPH)
Cary Mench to second
Runner from 2nd tries for 3rd, SAFE, throw by RF made to third
Batting: LHB Michael Gutiérrez 0-0: Swinging Strike
0-1: Called Strike
0-2: Ball
1-2: Ball
2-2: Ball
3-2: DOUBLE (Flyball, 89D, EV 110.6 MPH)
Cary Mench scores
Noburo Oike to third
Runner from 3rd tries for Home, SAFE, throw by RF to home
Batting: SHB Jack Torres 0-0: Called Strike
0-1: Swinging Strike
0-2: SINGLE (Flyball, 8LS, EV 92.5 MPH)
Michael Gutiérrez to third
Runner from 3rd tries for Home, SAFE, throw by CF to home
Batting: RHB Anadhrishya Venktesh 0-0: Ball
1-0: Ball
2-0: Ball
3-0: Called Strike
3-1: Fly out, F8 (Line Drive, 89S, EV 91.3 MPH)
Batting: RHB Richard Kinney 0-0: Foul Ball, location: 2RF
0-1: Fly out, F3 (Popup, 3F, EV 65.0 MPH)
Top of the 1st over - 3 runs, 4 hits, 0 errors, 1 left on base; Texas 3 - Boston 0
BOTTOM OF THE 1ST
Boston Red Sox batting - Pitching for Texas Rangers : RHP Bartolo Hernández
Pitching: RHP Bartolo Hernández
Batting: SHB Tracy Bryant 0-0: Ball
1-0: Ground out U3 (Groundball, 3, EV 95.0 MPH)
Batting: RHB Dwight Vogel 0-0: Swinging Strike
0-1: SINGLE (Line Drive, 9LS, EV 101.3 MPH)
Batting: RHB José García 0-0: Ball
1-0: Ball
2-0: Foul Ball, location: 2F
2-1: Foul Ball, location: 2RF
2-2: Foul Ball, location: 9LDF
2-2: Ball
3-2: SINGLE (Groundball, 4, EV 80.6 MPH)
Dwight Vogel to second
Batting: RHB Michael Barnes 0-0: Ball
1-0: Foul Ball, location: 3FF
1-1: Swinging Strike
1-2: Ball
2-2: Ball
3-2: Foul Ball, location: 3SF
3-2: SINGLE (Groundball, 4MD, EV 110.6 MPH)
Dwight Vogel to third
José García to second
Batting: SHB José Cruz 0-0: Ball
1-0: Fly out, F9 (Flyball, 9LD, EV 95.0 MPH)
Runner from 3rd tags up, SCORES, throw by RF
José García to third
Batting: RHB Juan Mendoza 0-0: Called Strike
0-1: Called Strike
0-2: Foul Ball, location: 9LDF
0-2: Strikes out swinging
Bottom of the 1st over - 1 run, 3 hits, 0 errors, 2 left on base; Texas 3 - Boston 1
TOP OF THE 2ND
Texas Rangers batting - Pitching for Boston Red Sox : RHP Kelvin Doyle
Batting: RHB Gerald Weaver 0-0: Called Strike
0-1: Ball
1-1: Ground out 6-3 (Groundball, 56, EV 100.6 MPH)
Batting: LHB Claudio Valenzuela 0-0: Called Strike
0-1: Ball
1-1: Foul Ball, location: 7LSF
1-2: Ground out 6-3 (Groundball, 6, EV 82.5 MPH)
Batting: LHB Ken'ichi Matsuura 0-0: Foul Ball, location: 7LSFF
0-1: Ground out 4-3 (Groundball, 4, EV 88.1 MPH)
Top of the 2nd over - 0 runs, 0 hits, 0 errors, 0 left on base; Texas 3 - Boston 1
BOTTOM OF THE 2ND
Boston Red Sox batting - Pitching for Texas Rangers : RHP Bartolo Hernández
Batting: RHB Arturo Torres 0-0: Ball
1-0: Ball
2-0: Swinging Strike
2-1: Foul Ball, location: 5DF
2-2: Ball
3-2: Foul Ball, location: 25FF
3-2: Strikes out swinging
Batting: LHB César Parra 0-0: Called Strike
0-1: Ball
1-1: Foul Ball, location: 2LF
1-2: Fly out, F8 (Flyball, 8RD, EV 106.3 MPH)
Batting: RHB Pedro Maldonado 0-0: Ball
1-0: Foul Ball, location: 9LDF
1-1: Ball
2-1: Foul Ball, location: 2F
2-2: Fly out, F9 (Flyball, 9, EV 90.6 MPH)
Bottom of the 2nd over - 0 runs, 0 hits, 0 errors, 0 left on base; Texas 3 - Boston 1
TOP OF THE 3RD
Texas Rangers batting - Pitching for Boston Red Sox : RHP Kelvin Doyle
Batting: SHB Cary Mench 0-0: Ball
1-0: SINGLE (Groundball, 6MD, EV 111.9 MPH)
Batting: LHB Noburo Oike 0-0: Ball
1-0: Foul Ball, location: 3FF
1-1: Swinging Strike
1-2: Foul Ball, location: 2F
1-2: Ball
2-2: Fly out, F8 (Flyball, 8LM, EV 100.6 MPH)
Batting: LHB Michael Gutiérrez 0-0: Swinging Strike
0-1: Foul Ball, location: 2RF
0-2: Ball
1-2: SINGLE (Line Drive, 6MD, EV 98.8 MPH)
Cary Mench to second
Batting: SHB Jack Torres 0-0: Called Strike
0-1: Foul Ball, location: 2F
0-2: Foul Ball, location: 7LSF
0-2: Ball
1-2: Grounds into double play, 4-6-3 (Groundball, 4, EV 106.3 MPH)
Top of the 3rd over - 0 runs, 2 hits, 0 errors, 1 left on base; Texas 3 - Boston 1
BOTTOM OF THE 3RD
Boston Red Sox batting - Pitching for Texas Rangers : RHP Bartolo Hernández
Batting: SHB Tracy Bryant 0-0: Ball
1-0: Called Strike
1-1: Ball
2-1: Ball
3-1: Base on Balls
Batting: RHB Dwight Vogel 0-0: Called Strike
0-1: Ball
1-1: Ball
2-1: SINGLE (Groundball, 6M, EV 85.0 MPH) (infield hit)
Tracy Bryant to second
Batting: RHB José García 0-0: Called Strike
0-1: Foul Ball, location: 5SF
0-2: Strikes out looking
Batting: RHB Michael Barnes 0-0: Fly out, F5 (Popup, 15, EV 74.4 MPH)
Batting: SHB José Cruz 0-0: Ball
1-0: Foul Ball, location: 2F
1-1: Fielders Choice at 2nd, 6-4 (Groundball, 6, EV 94.4 MPH)
Bottom of the 3rd over - 0 runs, 1 hit, 0 errors, 2 left on base; Texas 3 - Boston 1
TOP OF THE 4TH
Texas Rangers batting - Pitching for Boston Red Sox : RHP Kelvin Doyle
Batting: RHB Anadhrishya Venktesh 0-0: Fly out, F6 (Line Drive, 6M, EV 67.5 MPH)
Batting: RHB Richard Kinney 0-0: Foul Ball, location: 9LDF
0-1: Ball
1-1: Ball
2-1: Foul Ball, location: 2F
2-2: Foul Ball, location: 2F
2-2: Ball
3-2: Strikes out looking
Batting: RHB Gerald Weaver 0-0: Called Strike
0-1: Called Strike
0-2: Foul Ball, location: 9LMF
0-2: Fly out, F7 (Flyball, 78D, EV 91.9 MPH)
Top of the 4th over - 0 runs, 0 hits, 0 errors, 0 left on base; Texas 3 - Boston 1
BOTTOM OF THE 4TH
Boston Red Sox batting - Pitching for Texas Rangers : RHP Bartolo Hernández
Batting: RHB Juan Mendoza 0-0: Hit by Pitch
Batting: RHB Arturo Torres 0-0: Ball
1-0: Called Strike
1-1: Sac Bunt to P - play at first, batter OUT! 1-3
Juan Mendoza to second
Batting: LHB César Parra 0-0: Ball
1-0: Ball
2-0: Ball
3-0: Called Strike
3-1: Called Strike
3-2: Base on Balls
Batting: RHB Pedro Maldonado 0-0: Called Strike
0-1: Ball
1-1: Foul Ball, location: 9LDF
1-2: Ball
2-2: Strikes out swinging
Batting: SHB Tracy Bryant 0-0: Ball
1-0: Ground out U3 (Groundball, 13, EV 90.6 MPH)
Bottom of the 4th over - 0 runs, 0 hits, 0 errors, 2 left on base; Texas 3 - Boston 1
TOP OF THE 5TH
Texas Rangers batting - Pitching for Boston Red Sox : RHP Kelvin Doyle
Batting: LHB Claudio Valenzuela 0-0: Ground out U3 (Groundball, 3, EV 83.1 MPH)
Batting: LHB Ken'ichi Matsuura 0-0: Ball
1-0: Called Strike
1-1: Called Strike
1-2: Ball
2-2: Foul Ball, location: 9LSF
2-2: Ground out 6-3 (Groundball, 6, EV 80.6 MPH)
Batting: SHB Cary Mench 0-0: Called Strike
0-1: Ball
1-1: Ball
2-1: Ball
3-1: Base on Balls
Batting: LHB Noburo Oike 0-0: Ball
1-0: Ball
2-0: Fly out, F7 (Flyball, 7S, EV 92.5 MPH)
Top of the 5th over - 0 runs, 0 hits, 0 errors, 1 left on base; Texas 3 - Boston 1
BOTTOM OF THE 5TH
Boston Red Sox batting - Pitching for Texas Rangers : RHP Bartolo Hernández
Batting: RHB Dwight Vogel 0-0: Foul Ball, location: 25FF
0-1: Ground out 6-3 (Groundball, 6, EV 102.5 MPH)
Batting: RHB José García 0-0: Ball
1-0: Ball
2-0: Ball
3-0: Called Strike
3-1: Foul Ball, location: 9LSFF
3-2: SINGLE (Line Drive, 7S, EV 98.1 MPH)
Batting: RHB Michael Barnes 0-0: Swinging Strike
0-1: Ball
1-1: Foul Ball, location: 9LSF
1-2: Foul Ball, location: 2F
1-2: Strikes out looking
Batting: SHB José Cruz 0-0: Ball
1-0: Foul Ball, location: 7LSF
1-1: Foul Ball, location: 2F
1-2: Ball
2-2: Ball
3-2: Hit by Pitch
José García to second
Pitching: RHP Jim Dawson
Batting: RHB Juan Mendoza 0-0: Called Strike
0-1: Foul Ball, location: 5F
0-2: Foul Ball, location: 3F
0-2: Ball
1-2: SINGLE (Line Drive, 5D, EV 97.5 MPH)
José García to third
José Cruz to second
Runner from 3rd tries for Home, SAFE, throw by LF to home
Batting: RHB Arturo Torres 0-0: Swinging Strike
0-1: Fly out, F8 (Flyball, 89D, EV 93.1 MPH)
Bottom of the 5th over - 1 run, 2 hits, 0 errors, 2 left on base; Texas 3 - Boston 2
TOP OF THE 6TH
Texas Rangers batting - Pitching for Boston Red Sox : RHP Kelvin Doyle
Batting: LHB Michael Gutiérrez 0-0: Ball
1-0: Ground out U3 (Groundball, 3L, EV 103.1 MPH)
Batting: SHB Jack Torres 0-0: Ball
1-0: Ball
2-0: SINGLE (Line Drive, 8LS, EV 86.3 MPH)
Pitching: RHP Robert Wilcox
Batting: RHB Anadhrishya Venktesh 0-0: Ball
1-0: DOUBLE (Groundball, 5L, EV 105.0 MPH)
Jack Torres to third
Runner from 3rd tries for Home, SAFE, no throw by LF
Batting: RHB Richard Kinney 0-0: Called Strike
0-1: Ball
1-1: Swinging Strike
1-2: Ball
2-2: Foul Ball, location: 2F
2-2: Strikes out swinging
Batting: RHB Gerald Weaver 0-0: Ball
1-0: DOUBLE (Groundball, 5L, EV 98.1 MPH)
Anadhrishya Venktesh scores
Batting: LHB Claudio Valenzuela 0-0: Ball
1-0: Foul Ball, location: 25FF
1-1: Ball
2-1: Foul Ball, location: 3F
2-2: Strikes out looking
Top of the 6th over - 2 runs, 3 hits, 0 errors, 1 left on base; Texas 5 - Boston 2
BOTTOM OF THE 6TH
Boston Red Sox batting - Pitching for Texas Rangers : RHP Jim Dawson
Batting: LHB César Parra 0-0: Ball
1-0: Ball
2-0: Ball
3-0: Base on Balls
Batting: RHB Pedro Maldonado 0-0: Ball
1-0: Ball
2-0: Called Strike
2-1: Fly out, F8 (Flyball, 8RD, EV 110.6 MPH)
Batting: SHB Tracy Bryant 0-0: Foul Ball, location: 25F
0-1: Ball
1-1: Called Strike
1-2: Ball
2-2: DOUBLE (Flyball, 8LXD, EV 110.6 MPH)
César Parra to third
Runner from 3rd tries for Home, SAFE, throw by CF to home
Batting: RHB Dwight Vogel 0-0: Foul Ball, location: 2F
0-1: Swinging Strike
0-2: Ball
1-2: Ground out 6-3 (Groundball, 6M, EV 78.8 MPH)
Tracy Bryant to third
Batting: RHB José García 0-0: Foul Ball, location: 3F
0-1: SINGLE (Line Drive, 78S, EV 104.4 MPH)
Tracy Bryant scores
Batting: RHB Michael Barnes 0-0: Foul Ball, location: 9LDF
0-1: Foul Ball, location: 2F
0-2: Ball
1-2: Strikes out swinging
Bottom of the 6th over - 2 runs, 2 hits, 0 errors, 1 left on base; Texas 5 - Boston 4
TOP OF THE 7TH
Texas Rangers batting - Pitching for Boston Red Sox : RHP Robert Wilcox
Batting: LHB Ken'ichi Matsuura 0-0: Ball
1-0: Called Strike
1-1: Foul Ball, location: 2F
1-2: Ball
2-2: Strikes out looking
Batting: SHB Cary Mench 0-0: Called Strike
0-1: Ball
1-1: Foul Ball, location: 23FF
1-2: Strikes out swinging
Batting: LHB Noburo Oike 0-0: Called Strike
0-1: Called Strike
0-2: Foul Ball, location: 7LDF
0-2: Foul Ball, location: 2F
0-2: Ball
1-2: Foul Ball, location: 2F
1-2: Foul Ball, location: 3DF
1-2: Ball
2-2: Fly out, F8 (Flyball, 8RXD, EV 100.6 MPH)
Top of the 7th over - 0 runs, 0 hits, 0 errors, 0 left on base; Texas 5 - Boston 4
BOTTOM OF THE 7TH
Boston Red Sox batting - Pitching for Texas Rangers : RHP Jim Dawson
Pitching: RHP Tyler Long
Batting: SHB José Cruz 0-0: Fly out, F7 (Line Drive, 7, EV 96.3 MPH)
Batting: RHB Juan Mendoza 0-0: Called Strike
0-1: Swinging Strike
0-2: Strikes out swinging
Batting: RHB Arturo Torres 0-0: Called Strike
0-1: Ball
1-1: Ball
2-1: Ground out 5-3 (Groundball, 5L, EV 88.1 MPH)
Bottom of the 7th over - 0 runs, 0 hits, 0 errors, 0 left on base; Texas 5 - Boston 4
TOP OF THE 8TH
Texas Rangers batting - Pitching for Boston Red Sox : RHP Robert Wilcox
Batting: LHB Michael Gutiérrez 0-0: Called Strike
0-1: Ball
1-1: Ball
2-1: Swinging Strike
2-2: Foul Ball, location: 3F
2-2: SINGLE (Flyball, 78S, EV 87.5 MPH)
Batting: SHB Jack Torres 0-0: Ball
1-0: Called Strike
1-1: Ball
2-1: Foul Ball, location: 5SF
2-2: Strikes out swinging
Pitching: LHP Emílio Falc
Batting: RHB Anadhrishya Venktesh 0-0: Foul Ball, location: 9LDF
0-1: Called Strike
0-2: Ball
1-2: Foul Ball, location: 5FF
1-2: Strikes out looking
Batting: RHB Richard Kinney 0-0: Ground out 4-3 (Groundball, 4S, EV 85.6 MPH)
Top of the 8th over - 0 runs, 1 hit, 0 errors, 1 left on base; Texas 5 - Boston 4
BOTTOM OF THE 8TH
Boston Red Sox batting - Pitching for Texas Rangers : RHP Tyler Long
Batting: LHB César Parra 0-0: Ball
1-0: Ball
2-0: Swinging Strike
2-1: Ball
3-1: Called Strike
3-2: SINGLE (Groundball, 34D, EV 103.8 MPH)
Pinch Hitting: RHB Tony Pacheco 0-0: Foul Ball, location: 25F
0-1: Called Strike
0-2: Ball
1-2: Fly out, F6 (Line Drive, 6D, EV 72.5 MPH)
Batting: SHB Tracy Bryant 0-0: Swinging Strike
0-1: Swinging Strike
0-2: Strikes out swinging
Batting: RHB Dwight Vogel 0-0: Called Strike
0-1: DOUBLE (Groundball, 5L, EV 103.8 MPH)
César Parra to third
Runner from 3rd tries for Home, SAFE, no throw by LF
Batting: RHB José García 0-0: Ground out U3 (Groundball, 23, EV 85.0 MPH)
Bottom of the 8th over - 1 run, 2 hits, 0 errors, 1 left on base; Texas 5 - Boston 5
TOP OF THE 9TH
Texas Rangers batting - Pitching for Boston Red Sox : LHP Emílio Falc
Pitching: RHP Maarten Buys
Now at 2B: Tracy Bryant
Now at SS: Gustavo Santos
Batting: RHB Gerald Weaver 0-0: Reached on error, E1 (Groundball, 15, EV 62.5 MPH)
Batting: LHB Claudio Valenzuela 0-0: Grounds into double play, 4-6-3 (Groundball, 4, EV 100.6 MPH)
Batting: LHB Ken'ichi Matsuura 0-0: Foul Ball, location: 7LSF
0-1: Swinging Strike
0-2: Foul Ball, location: 2F
0-2: Strikes out looking
Top of the 9th over - 0 runs, 0 hits, 1 error, 0 left on base; Texas 5 - Boston 5
BOTTOM OF THE 9TH
Boston Red Sox batting - Pitching for Texas Rangers : RHP Tyler Long
Pitching: RHP Rex Frazier
Batting: RHB Michael Barnes 0-0: Called Strike
0-1: Ball
1-1: Foul Ball, location: 5SF
1-2: Ball
2-2: Ball
3-2: Base on Balls
Batting: SHB José Cruz 0-0: Called Strike
0-1: Ball
1-1: Ball
2-1: Ball
3-1: Fly out, F9 (Flyball, 9, EV 89.4 MPH)
Batting: RHB Juan Mendoza 0-0: Foul Ball, location: 9LMF
0-1: Ball
1-1: Fly out, F7 (Flyball, 7D, EV 103.1 MPH)
Batting: RHB Arturo Torres 0-0: Ball
1-0: Ball
2-0: Ball
3-0: Base on Balls
Michael Barnes to second
Pinch Runner at 2nd José Garza:
Batting: LHB César Parra 0-0: Ball
1-0: Swinging Strike
1-1: Ball
2-1: Called Strike
2-2: Fly out, F9 (Line Drive, 89S, EV 85.6 MPH)
Bottom of the 9th over - 0 runs, 0 hits, 0 errors, 2 left on base; Texas 5 - Boston 5
TOP OF THE 10TH
Texas Rangers batting - Pitching for Boston Red Sox : RHP Maarten Buys
Now at 1B: Sancho Herrera
Batting: SHB Cary Mench 0-0: Ball
1-0: Ball
2-0: Ball
3-0: Called Strike
3-1: Foul Ball, location: 2F
3-2: Strikes out swinging
Batting: LHB Noburo Oike 0-0: Ball
1-0: Called Strike
1-1: Foul Ball, location: 3FF
1-2: Strikes out looking
Batting: LHB Michael Gutiérrez 0-0: Called Strike
0-1: Ball
1-1: Ball
2-1: Swinging Strike
2-2: Fly out, F7 (Flyball, 78M, EV 88.1 MPH)
Top of the 10th over - 0 runs, 0 hits, 0 errors, 0 left on base; Texas 5 - Boston 5
BOTTOM OF THE 10TH
Boston Red Sox batting - Pitching for Texas Rangers : RHP Rex Frazier
Pitching: RHP A.J Klein
Batting: RHB Gustavo Santos 0-0: Called Strike
0-1: Ball
1-1: Ball
2-1: Ground out 4-3 (Groundball, 4, EV 100.0 MPH)
Batting: SHB Tracy Bryant 0-0: Swinging Strike
0-1: Called Strike
0-2: Fly out, F7 (Flyball, 7S, EV 86.3 MPH)
Batting: RHB Dwight Vogel 0-0: Foul Ball, location: 5F
0-1: Ball
1-1: Ball
2-1: Fly out, F9 (Flyball, 9, EV 98.1 MPH)
Bottom of the 10th over - 0 runs, 0 hits, 0 errors, 0 left on base; Texas 5 - Boston 5
TOP OF THE 11TH
Texas Rangers batting - Pitching for Boston Red Sox : RHP Maarten Buys
Batting: SHB Jack Torres 0-0: Called Strike
0-1: DOUBLE (Line Drive, 89D, EV 104.4 MPH) - OUT at third base trying to stretch hit.
Batting: RHB Anadhrishya Venktesh 0-0: Called Strike
0-1: Ball
1-1: Swinging Strike
1-2: Ball
2-2: Fly out, F8 (Flyball, 8RXD, EV 98.1 MPH)
Batting: RHB Richard Kinney 0-0: Foul Ball, location: 2LF
0-1: Ball
1-1: Swinging Strike
1-2: Ball
2-2: Strikes out swinging
Top of the 11th over - 0 runs, 1 hit, 0 errors, 0 left on base; Texas 5 - Boston 5
BOTTOM OF THE 11TH
Boston Red Sox batting - Pitching for Texas Rangers : RHP A.J Klein
Batting: RHB José García 0-0: Called Strike
0-1: Ball
1-1: Swinging Strike
1-2: Foul Ball, location: 9LSF
1-2: Ball
2-2: Foul Ball, location: 2F
2-2: DOUBLE (Flyball, 78D, EV 106.3 MPH)
Batting: RHB Sancho Herrera 0-0: Ball
1-0: Ground out 6-3 (Groundball, 6M, EV 86.3 MPH)
Batting: SHB José Cruz 0-0: Called Strike
0-1: Ball
1-1: Fly out, F6 (Popup, 56D, EV 61.9 MPH)
Batting: RHB Juan Mendoza 0-0: Swinging Strike
0-1: Foul Ball, location: 9LSF
0-2: Ball
1-2: Foul Ball, location: 5SF
1-2: Ground out 6-3 (Groundball, 6, EV 83.8 MPH)
Bottom of the 11th over - 0 runs, 1 hit, 0 errors, 1 left on base; Texas 5 - Boston 5
TOP OF THE 12TH
Texas Rangers batting - Pitching for Boston Red Sox : RHP Maarten Buys
Pitching: LHP Ed Adderley
Batting: RHB Gerald Weaver 0-0: Ground out 6-3 (Groundball, 6, EV 90.0 MPH)
Pinch Hitting: RHB José Acosta 0-0: Foul Ball, location: 7LMFF
0-1: Foul Ball, location: 2F
0-2: Ball
1-2: Strikes out swinging
Pinch Hitting: RHB Gabriel Gutiérrez 0-0: Called Strike
0-1: Called Strike
0-2: Foul Ball, location: 23F
0-2: Ball
1-2: Fly out, F9 (Flyball, 9D, EV 104.4 MPH)
Top of the 12th over - 0 runs, 0 hits, 0 errors, 0 left on base; Texas 5 - Boston 5
BOTTOM OF THE 12TH
Boston Red Sox batting - Pitching for Texas Rangers : RHP A.J Klein
Pitching: RHP Andre Hale
Now at 2B: José Acosta
Now at SS: Gabriel Gutiérrez
Batting: RHB Arturo Torres 0-0: Ball
1-0: Ball
2-0: Ground out 5-3 (Groundball, 56, EV 89.4 MPH)
Batting: LHB César Parra 0-0: Ball
1-0: Called Strike
1-1: Ball
2-1: Foul Ball, location: 23F
2-2: Fly out, F6 (Popup, 6M, EV 69.4 MPH)
Batting: RHB Gustavo Santos 0-0: Ball
1-0: Swinging Strike
1-1: Ball
2-1: SINGLE (Line Drive, 34D, EV 98.8 MPH)
Batting: SHB Tracy Bryant 0-0: Called Strike
Gustavo Santos is caught stealing 2nd base 2-6
Bottom of the 12th over - 0 runs, 1 hit, 0 errors, 0 left on base; Texas 5 - Boston 5
TOP OF THE 13TH
Texas Rangers batting - Pitching for Boston Red Sox : LHP Ed Adderley
Batting: SHB Cary Mench 0-0: SINGLE (Line Drive, 9S, EV 90.6 MPH)
Batting: LHB Noburo Oike 0-0: Ball
1-0: Swinging Strike
1-1: Fly out, F8 (Flyball, 78S, EV 96.3 MPH)
Batting: LHB Michael Gutiérrez 0-0: Called Strike
0-1: Ball
1-1: Ball
2-1: Foul Ball, location: 2F
2-2: Strikes out swinging
Batting: SHB Jack Torres 0-0: Ball
1-0: Foul Ball, location: 2F
1-1: Ground out 5-3 (Groundball, 15, EV 88.8 MPH)
Top of the 13th over - 0 runs, 1 hit, 0 errors, 1 left on base; Texas 5 - Boston 5
BOTTOM OF THE 13TH
Boston Red Sox batting - Pitching for Texas Rangers : RHP Andre Hale
Batting: SHB Tracy Bryant 0-0: Ball
1-0: Called Strike
1-1: Swinging Strike
1-2: Foul Ball, location: 2F
1-2: Ball
2-2: Strikes out looking
Batting: RHB Dwight Vogel 0-0: Foul Ball, location: 9LMF
0-1: Ball
1-1: Foul Ball, location: 25F
1-2: Foul Ball, location: 3SF
1-2: Ball
2-2: Foul Ball, location: 3F
2-2: Ground out 4-3 (Groundball, 4M, EV 63.8 MPH)
Batting: RHB José García 0-0: Ball
1-0: Ball
2-0: Ball
3-0: Base on Balls
Batting: RHB Sancho Herrera 0-0: Ball
1-0: Called Strike
1-1: Foul Ball, location: 9LMF
1-2: Fly out, F3 (Popup, 34S, EV 85.6 MPH)
Bottom of the 13th over - 0 runs, 0 hits, 0 errors, 1 left on base; Texas 5 - Boston 5
TOP OF THE 14TH
Texas Rangers batting - Pitching for Boston Red Sox : LHP Ed Adderley
Batting: RHB Anadhrishya Venktesh 0-0: Ball
1-0: Ball
2-0: Called Strike
2-1: Ground out 4-3 (Groundball, 4MD, EV 94.4 MPH)
Batting: RHB Richard Kinney 0-0: Swinging Strike
0-1: Ball
1-1: Ball
2-1: Foul Ball, location: 3F
2-2: Ball
3-2: Foul Ball, location: 9LMF
3-2: Foul Ball, location: 9LSF
3-2: Base on Balls
Batting: RHB Gerald Weaver 0-0: Called Strike
0-1: Ball
1-1: Foul Ball, location: 9LSF
1-2: Ball
2-2: Strikes out looking
Pitching: RHP Majhemout Yao
Batting: RHB José Acosta 0-0: Called Strike
0-1: Called Strike
0-2: Ball
1-2: Strikes out swinging
Top of the 14th over - 0 runs, 0 hits, 0 errors, 1 left on base; Texas 5 - Boston 5
BOTTOM OF THE 14TH
Boston Red Sox batting - Pitching for Texas Rangers : RHP Andre Hale
Batting: SHB José Cruz 0-0: Fly out, F4 (Popup, 4, EV 73.8 MPH)
Batting: RHB Juan Mendoza 0-0: Ball
1-0: Foul Ball, location: 23F
1-1: Foul Ball, location: 2F
1-2: Ground out 4-3 (Groundball, 4, EV 88.1 MPH)
Batting: RHB Arturo Torres 0-0: Called Strike
0-1: Swinging Strike
0-2: Ball
1-2: Ball
2-2: Ball
3-2: Foul Ball, location: 3SF
3-2: Base on Balls
Pitching: LHP Dian Suharto
Batting: LHB César Parra 0-0: Ball
1-0: Foul Ball, location: 23F
1-1: Ball
2-1: DOUBLE (Flyball, 8LXD, EV 96.9 MPH)
Arturo Torres to third
Runner from 3rd tries for Home, SAFE, no throw by CF
Bottom of the 14th over - 1 run, 1 hit, 0 errors, 1 left on base; Texas 5 - Boston 6
Saturday, February 10th , 2024 - OOTP Baseball 24.10 Build 82